 Dungeon Crawl Stone Soup version 0.20.0-6-gd3061e9 (webtiles) character file.

2028 Monsterracer the Grappler (level 9, 0/78 HPs)
             Began as a Naga Transmuter on May 28, 2017.
             Was a Follower of Cheibriados.
             Slain by a killer bee (1 damage)
             ... on level 9 of the Dungeon.
             The game lasted 00:20:30 (9587 turns).

Monsterracer the Grappler (Naga Transmuter)         Turns: 9587, Time: 00:20:30

Health: 0/78       AC:  6    Str: 15    XL:     9   Next: 23%
Magic:  4/12       EV: 12    Int: 18    God:    Cheibriados [*.....]
Gold:   401        SH:  0    Dex: 14    Spells: 1/12 levels left

rFire    . . .     SeeInvis +     - Unarmed
rCold    + . .     Gourm    .   (no shield)
rNeg     . . .     Faith    .   b - +0 robe
rPois    +         Spirit   .   (no helmet)
rElec    .         Reflect  .   (no cloak)
rCorr    +         Harm     .   p - +1 pair of gloves
MR       +....                  (no barding)
Stlth    +.........             (no amulet)
Regen    0.3/turn               t - ring of protection from cold
MPRegen  0.2/turn               s - ring of resist corrosion

@: lethally poisoned (0 -> -4), appendage (expiring), very slightly
contaminated, very slow
A: horns 2, see invisible, deformed body, poison resistance, slowness 2, slow
metabolism 1, spit poison 1, AC +3
a: Spit Poison, End Transformation, Bend Time, Renounce Religion


You were on level 9 of the Dungeon.
You worshipped Cheibriados.
Cheibriados was aware of your devotion.
You were hungry.
You had grown temporary horns.
You visited 2 branches of the dungeon, and saw 9 of its levels.

You collected 401 gold pieces.

Inventory:

Missiles
 a - 216 arrows
 f - 2 throwing nets (quivered)
 i - a tomahawk of dispersal
 n - 7 javelins
 w - 8 tomahawks
Armour
 b - a +0 robe (worn)
 e - a +0 large shield
 p - a +1 pair of gloves (worn)
 u - a +0 buckler
Jewellery
 s - a ring of resist corrosion (right hand)
 t - a ring of protection from cold (left hand)
Scrolls
 g - 7 scrolls of identify
 h - 5 scrolls of teleportation
 l - a scroll of enchant armour
 o - a scroll of remove curse
 r - a scroll of recharging
Potions
 q - 3 potions of agility
 z - a potion of flight
Books
 c - a book of Changes

   Spells                             Type                      Level
   a - Beastly Appendage              Transmutation                1
   b - Sticks to Snakes               Transmutation                2
   c - Spider Form                    Transmutation/Poison         3
   d - Ice Form                       Ice/Transmutation            4
   e - Blade Hands                    Transmutation                5
Comestibles
 d - 2 bread rations
 j - 2 meat rations
 m - 4 fruits
 v - 2 royal jellies
 x - 2 chunks of flesh


   Skills:
 + Level 4.1 Fighting
 + Level 4.0 Dodging
 * Level 8.6 Unarmed Combat
 - Level 2.0 Spellcasting
 * Level 6.2 Transmutations
 - Level 2.0 Poison Magic


You had one spell level left.
You knew the following spells:

 Your Spells              Type           Power        Failure   Level  Hunger
a - Beastly Appendage     Tmut           ###...       1%          1    #......
b - Sticks to Snakes      Tmut           ###.....     2%          2    ###....
c - Spider Form           Tmut/Pois      ###.......   10%         3    ###....
d - Blade Hands           Tmut           ###.......   36%         5    ######.


Dungeon Overview and Level Annotations

Branches:
Dungeon (7/15)             Temple (1/1) D:6

Altars:
Ashenzari
Cheibriados
Dithmenos
Elyvilon
Fedhas
Gozag
Hepliaklqana
Kikubaaqudgha
Makhleb
Nemelex Xobeh
Qazlal
Sif Muna
Trog
Uskayaw
Vehumet
Xom
Yredelemnul
Zin
The Shining One


Innate Abilities, Weirdness & Mutations

You cannot wear boots.
Your serpentine skin is tough. (AC +3)
You have supernaturally acute eyesight. (SInv)
Armour fits poorly on your strangely shaped body.
Your system is resistant to poisons. (rPois)
You cover ground very slowly.
You have a slow metabolism.
You can spit poison.
You have a pair of horns on your head.


Message History

You feel sick.
* * * LOW HITPOINT WARNING * * *
You feel sick. The killer bee barely misses you.
The killer bee closely misses you.
You miss the killer bee. Your headbutt misses the killer bee.
The killer bee is lightly wounded.
The killer bee stings you but does no damage. x2
The killer bee stings you.
* * * LOW HITPOINT WARNING * * *
The killer bee stings you.
* * * LOW HITPOINT WARNING * * *
You hit the killer bee. You headbutt the killer bee.
The killer bee is moderately wounded.
* * * LOW HITPOINT WARNING * * *
You feel sick. The killer bee closely misses you.
The killer bee stings you but does no damage. x2
You barely miss the killer bee. Your headbutt misses the killer bee.
The killer bee is moderately wounded.
The killer bee stings you.
You die...

........y# .##.
...##..####....
## ... .......
###.#.......
#.........
#..#..#
#.###..#.#
#....yy..#
......#@.##
!.....#.##
........#
....a.###
######


You could see 2 killer bees.

Vanquished Creatures
  A water moccasin (D:7)
  An ice beast (D:6)
  An orc warrior (D:6)
  A sky beast (D:5)
  5 centaurs
  An ogre (D:4)
  2 bullfrogs
  2 scorpions
  A water moccasin skeleton (D:5)
  A killer bee (D:9)
  A howler monkey (D:5)
  A bullfrog zombie (D:5)
  2 hounds (D:7)
  A bullfrog skeleton (D:5)
  2 iguanas
  3 orc priests
  5 orc wizards
  A centaur skeleton (D:6)
  6 worker ants
  A killer bee zombie (D:6)
  6 gnolls
  5 adders
  3 oozes
  3 adder skeletons
  3 worms
  5 dart slugs
  6 leopard geckos
  18 orcs
  4 giant cockroaches
  13 goblins
  8 hobgoblins
  5 jackals
  7 quokkas
  7 bats
  11 frilled lizards
  6 kobolds
  A quokka skeleton (D:6)
  9 rats
159 creatures vanquished.

Notes
Turn   | Place    | Note
-------+----------+-------------------------------------------
     0 | D:1      | Monsterracer the Naga Transmuter began the quest for the Orb.
     0 | D:1      | Reached XP level 1. HP: 18/18 MP: 3/3
   433 | D:1      | Reached XP level 2. HP: 25/25 MP: 5/5
   437 | D:1      | Learned a level 2 spell: Sticks to Snakes
   944 | D:1      | Reached skill level 4 in Unarmed Combat
  1317 | D:1      | Reached XP level 3. HP: 31/31 MP: 4/6
  1322 | D:1      | Learned a level 3 spell: Spider Form
  2499 | D:2      | Reached skill level 1 in Poison Magic
  2697 | D:2      | Reached XP level 4. HP: 30/38 MP: 7/7
  3507 | D:3      | Reached skill level 5 in Unarmed Combat
  3801 | D:3      | Found an opulent altar of Gozag.
  3803 | D:3      | Found a snail-covered altar of Cheibriados.
  3823 | D:3      | Found a shimmering altar of Xom.
  3824 | D:3      | Found a shattered altar of Ashenzari.
  4007 | D:3      | Reached XP level 5. HP: 44/44 MP: 8/8
  4351 | D:4      | Noticed an ogre
  4366 | D:4      | Killed an ogre
  4621 | D:4      | Reached XP level 6. HP: 51/51 MP: 9/9
  4667 | D:4      | Reached skill level 6 in Unarmed Combat
  5191 | D:4      | Found a hide-covered altar of Uskayaw.
  5379 | D:4      | Reached XP level 7. HP: 55/57 MP: 10/10
  5876 | D:5      | Entered Level 5 of the Dungeon
  6400 | D:5      | Found a shadowy altar of Dithmenos.
  6407 | D:5      | Reached skill level 7 in Unarmed Combat
  6664 | D:5      | Reached XP level 8. HP: 18/68 MP: 9/11
  6671 | D:5      | Learned a level 5 spell: Blade Hands
  7588 | D:6      | Reached skill level 8 in Unarmed Combat
  7588 | D:6      | Reached skill level 5 in Transmutations
  7955 | D:6      | Found a shimmering altar of Xom.
  8209 | D:6      | Found a staircase to the Ecumenical Temple.
  8218 | Temple   | Entered the Ecumenical Temple
  8408 | D:3      | Became a worshipper of Cheibriados the Contemplative
  9092 | D:7      | Reached XP level 9. HP: 78/78 MP: 12/12
  9149 | D:7      | Reached * piety under Cheibriados
  9568 | D:7      | You fall through a shaft for 2 floors!
  9585 | D:9      | HP: 3/78 [killer bee (2)]
  9586 | D:9      | HP: 1/78 [poisoned by a killer bee]
  9587 | D:9      | Slain by a killer bee

Skill      XL: |  1  2  3  4  5  6  7  8  9 |
---------------+----------------------------+-----
Unarmed Combat | 4 5 6 7 8 |  8.6
Poison Magic   | 1 2 |  2.0
Transmutations | 3 4 5 6 |  6.2
Dodging        | 2 3 4 |  4.0
Fighting       | 2 3 4 |  4.1
Spellcasting   | |  2.0

Action                   |  1- 3 |  4- 6 |  7- 9 || total
-------------------------+-------+-------+-------++-------
Melee: Unarmed           |   153 |   133 |   265 ||   551
       Headbutt          |     4 |     9 |     5 ||    18
       Punch             |     3 |     1 |     5 ||     9
 Cast: Beastly Appendage |     8 |     6 |     4 ||    18
       Spider Form       |     1 |     3 |    18 ||    22
       Sticks to Snakes  |     1 |     1 |     7 ||     9
 Abil: Spit Poison       |    15 |    23 |    29 ||    67
  Use: Potion            |     2 |     3 |     3 ||     8
       Scroll            |       |     9 |     3 ||    12
 Stab: Sleeping          |       |     1 |       ||     1
       Distracted        |       |       |     2 ||     2
  Eat: Chunk             |     5 |     9 |    14 ||    28
       Fruit             |       |       |     1 ||     1
Armor: Robe              |    29 |    27 |    50 ||   106
       Skin              |       |    12 |     7 ||    19
Dodge: Dodged            |    66 |    61 |   183 ||   310
